 Dungeon Crawl Stone Soup version 0.31.0-11-ge490571c62 (webtiles) character file.

Game seed: 11984694979738068635

247 KKCryptic the Grasshopper (level 6, -4/52 HPs)
             Began as a Naga Warper on Feb 6, 2024.
             Slain by a kobold brigand
             ... wielding a +0 club
              (8 damage)
             ... in a sewer.
             The game lasted 00:12:38 (2863 turns).

KKCryptic the Grasshopper (Naga Warper)             Turns: 2863, Time: 00:12:38

Health: -4/52      AC:  5    Str: 13    XL:     6   Next: 11%
Magic:  9/9        EV:  9    Int: 13    God:
Gold:   133        SH:  0    Dex: 13    Spells: 7/9 levels left

rFire   + . .        m - +3 quarterstaff (chaos)
rCold   . . .        (shield currently unavailable)
rNeg    + . .        b - +0 leather armour
rPois   +            g - +0 helmet
rElec   .            j - +0 cloak
rCorr   .            (no gloves)
SInv    +            (no barding)
Will    .....        (no amulet)
Stlth   ++           h - ring of positive energy
HPRegen 0.28/turn    i - ring of protection from fire
MPRegen 0.11/turn

%: no passive effects
@: brilliant, short of breath, on berserk cooldown, slowed, very slow
A: AC +2, large, see invisible, deformed body, poison resistance, slowness 2,
spit poison 1, naga tail 1
a: Spit Poison


You were in a sewer.
You visited 1 branch of the dungeon, and saw 4 of its levels.
You also visited: Sewer.

You collected 133 gold pieces.

Inventory:

Hand Weapons
 f - a +0 sling of freezing
 k - a +2 flail of protection
 l - a +2 dagger of speed
 m - a +3 quarterstaff of chaos (weapon)
 p - a +2 rapier of flaming
 q - a +0 dagger of venom
Missiles
 d - 7 darts of dispersal
Armour
 b - a +0 leather armour (worn)
 g - a +0 helmet (worn)
 j - a +0 cloak (worn)
Jewellery
 h - a ring of positive energy (left hand)
 i - a ring of protection from fire (right hand)
Scrolls
 a - 2 scrolls of identify {unknown}
 c - a scroll of blinking
 e - a scroll of revelation
 r - a scroll of vulnerability {unknown}
Potions
 o - a potion of brilliance


   Skills:
 - Level 2.0 Fighting
 - Level 2.4 Axes
 * Level 2.4 Staves
 - Level 1.4 Ranged Weapons
 - Level 0.8 Throwing
 - Level 0.7 Armour
 - Level 1.5 Dodging
 + Level 3.5 Stealth
 - Level 2.0 Spellcasting
 * Level 4.8 Translocations


You had 7 spell levels left.
You knew the following spells:

 Your Spells              Type           Power      Damage    Failure   Level
a - Blink                 Tloc           40%        N/A       7%          2

Your spell library contained the following spells:

 Spells                   Type           Power      Damage    Failure   Level
 Lesser Beckoning         Tloc           40%        N/A       7%          2
 Teleport Other           Tloc           20%        N/A       13%         3
 Magic Dart               Conj           4%         1d3       32%         1
 Manifold Assault         Tloc           20%        N/A       41%         4
 Call Imp                 Summ           2%         N/A       43%         2
 Vhi's Electric Charge    Tloc/Air       22%        N/A       75%         4


Dungeon Overview and Level Annotations

Branches:
Dungeon (4/15)              Sewer (1/1)
 Temple: D:4-7

Altars:
Dithmenos

Shops:
D:3 (


Innate Abilities, Weirdness & Mutations

Your serpentine skin is tough. (AC +2)
You have supernaturally acute eyesight. (SInv)
Armour fits poorly on your strangely shaped body.
Your system is resistant to poisons. (rPois)
You cover ground very slowly.
You can spit poison.
You have a snake-like lower body.


Message History

The kobold brigand hits you but does no damage.
The kobold brigand closely misses you.
Blink to where?
Press: ? - help, Dir - move target, p - kobold brigand
As you read the scroll of blinking, it crumbles to dust.
Okay, then.
Casting: Blink (safe; 8% risk of failure)
Confirm with . or Enter, or press ? or * to list all spells.
Okay, then.
You can't see any hostile targets in range.
It was a potion of berserk rage.
A red film seems to cover your vision as you go berserk!
You feel yourself moving faster!
You feel mighty!
You kill the kobold brigand!
Your Staves skill increases to level 2!
You have reached level 6!
Your skin feels tougher.
You feel a strong urge to attack something.
You enter the shallow water.
You feel your anger nearly subside.
You are no longer berserk.
You are exhausted.
You feel yourself slow down.
You hit the kobold brigand. You freeze the kobold brigand.
The kobold brigand is lightly wounded.
The kobold brigand splashes around in the water.
You barely miss the kobold brigand.
The kobold brigand is lightly wounded.
The kobold brigand hits you but does no damage.
The kobold brigand hits you with a +0 club.
* * * LOW HITPOINT WARNING * * *
Okay, then.
Okay, then.
Aiming: Spit Poison (1% risk of failure)
Press: ? - help, Q - select action, (/) - cycle Shift-Dir - straight line, f - kobold brigand
Aim: a kobold brigand, wielding a +0 club and quivering curare-tipped darts (lightly wounded, 50% to hit)
The splash of poison hits the kobold brigand.
The kobold brigand is poisoned.
The kobold brigand is lightly wounded.
The kobold brigand hits you with a +0 club!
You die...

#≈# #~# #≈# #~# ##≈##
##~## # ##.~.##
##~.~##
.##≈##~...~####..~..#
~≈≈≈≈≈~....~~~~.()~~#
~#####~.~.~####~....#
##..~## ##.~.## ##@##
##### #K# #†# ##~##
##~).## #
###.....####.~?.
~~~~....~.....KK.
####~.~..#####...
##~~~##


You could see a kobold brigand (poisoned).

Vanquished Creatures
  A kobold brigand (Sewer)
  Crazy Yiuf (D:2)
  A bombardier beetle (D:3)
  4 adders
  A river rat (Sewer)
  4 ribbon worms
  2 orcs (D:3)
  2 bats (D:1)
  4 endoplasms
  7 goblins
  5 hobgoblins
  4 jackals (D:1)
  8 kobolds
  3 quokkas (D:1)
  5 ball pythons
  3 frilled lizards
  7 rats
62 creatures vanquished.

Vanquished Creatures (others)
  A rat zombie (Sewer)
1 creature vanquished.

Grand Total: 63 creatures vanquished

Notes
Turn   | Place    | Note
-------+----------+-------------------------------------------
     0 | D:1      | KKCryptic the Naga Warper began the quest for the Orb.
     0 | D:1      | Reached XP level 1. HP: 19/19 MP: 3/3
   206 | D:1      | Reached XP level 2. HP: 26/26 MP: 5/5
   475 | D:1      | Reached XP level 3. HP: 32/32 MP: 6/6
   481 | D:1      | Reached skill level 1 in Stealth
  1202 | D:2      | Found a runed translucent door.
  1203 | D:2      | Noticed Crazy Yiuf
  1212 | D:2      | Killed Crazy Yiuf
  1213 | D:2      | Reached skill level 1 in Ranged Weapons
  1213 | D:2      | Reached XP level 4. HP: 8/39 MP: 7/7
  1263 | D:2      | Learned a level 2 spell: Blink
  1460 | D:2      | Reached skill level 4 in Translocations
  1737 | D:3      | Found a shadowy altar of Dithmenos.
  1834 | D:3      | Found a faded altar of an unknown god.
  2026 | D:3      | Reached skill level 1 in Staves
  2026 | D:3      | Reached XP level 5. HP: 44/45 MP: 8/8
  2059 | D:3      | Found Ysossol's Weapon Shop.
  2637 | D:4      | Found a glowing drain.
  2648 | Sewer    | Entered a sewer
  2835 | Sewer    | Noticed a kobold brigand
  2835 | Sewer    | Noticed a kobold brigand
  2857 | Sewer    | Killed a kobold brigand
  2858 | Sewer    | Reached XP level 6. HP: 9/52 MP: 9/9
  2863 | Sewer    | Slain by a kobold brigand

Illustrated notes

Levels and vault maps discovered:
D:1:      dpeg_arrival_pond, layout_loops_cross, serial_bayou_lagoon_a,
          chequers_serial_rivers_room_b, nicolae_concentric_dashed_squares_mild
D:2:      layout_loops_corners, uniq_crazy_yiuf_cottage
D:3:      minmay_door_path, layout_loops_ring, mainiacjoe_overflow_tiny_flanked,
          dreamdust_ecumenical_altar_grove, serial_shops, nicolae_shop_crystal
D:4:      layout_cave_pools, pdpol_temple_overflow_zin_treasury_gozag_greed,
          cheibrodos_sewer_entry_bend, uniq_sigmund
Sewer:    sewer_co_15_rooms

Skill      XL: |  1  2  3  4  5 |
---------------+----------------+-----
Stealth        | 1 2 3 |  3.5
Ranged Weapons | 1 |  1.4
Translocations | 4 |  4.8
Staves         | 1 2 |  2.4
Fighting       | |  2.0
Axes           | |  2.4
Throwing       | |  0.8
Armour         | |  0.7
Dodging        | |  1.5
Spellcasting   | |  2.0

Action                     |  1- 3 |  4- 6 || total
---------------------------+-------+-------++-------
  Melee: Hand axe          |    17 |       ||    17
         Flail             |    18 |       ||    18
         Quarterstaff      |       |    84 ||    84
   Fire: Sling             |    53 |       ||    53
Ability: Spit Poison       |    19 |    12 ||    31
    Use: Scroll            |     2 |     2 ||     4
         Potion            |       |     4 ||     4
   Stab: Sleeping          |     1 |     3 ||     4
         Distracted        |       |     1 ||     1
         Paralysed         |       |     1 ||     1
 Armour: Leather armour    |    43 |    74 ||   117
  Dodge: Dodged            |    44 |    36 ||    80
